 Dungeon Crawl Stone Soup version 0.29-a0-1047-g7c58e119a4 (webtiles) character file.

Game seed: 9413302717073812914

536 themarg the Insei (level 7, 0/52 HPs)
             Began as a Gnoll Transmuter on Aug 16, 2022.
             Slain by a two-headed ogre
             ... wielding a +0 giant club
              (33 damage)
             ... on level 5 of the Dungeon.
             The game lasted 00:14:48 (5300 turns).

themarg the Insei (Gnoll Transmuter)                Turns: 5300, Time: 00:14:50

Health: 0/52       AC:  2    Str: 10    XL:     7   Next: 25%
Magic:  12/15      EV: 22    Int: 14    God:
Gold:   202        SH:  0    Dex: 17    Spells: 11/17 levels left

rFire   . . .      SeeInvis .     - Unarmed
rCold   . . .      Faith    .   (shield currently unavailable)
rNeg    . . .      Spirit   .   (body armour currently unavailable)
rPois   x          Reflect  .   (helmet currently unavailable)
rElec   .          Harm     .   (cloak currently unavailable)
rCorr   .          Rampage  .   (gloves currently unavailable)
Will    .....                   (boots currently unavailable)
Stlth   ++........              (no amulet)
HPRegen 0.17/turn               (no ring)
MPRegen 0.14/turn               (no ring)

@: spider-form (expiring)
A: venomous fangs, tiny, (fangs 1), strong nose, distributed training
a: End Transformation


You were on level 5 of the Dungeon.
You were a venomous arachnid creature.
You visited 1 branch of the dungeon, and saw 5 of its levels.

You collected 202 gold pieces.

Inventory:

Hand Weapons
 d - a +0 dagger
 k - a +2 spear of venom (melded)
Missiles
 e - 40 stones
 j - 5 javelins
 w - 3 boomerangs
Armour
 a - a +0 robe (melded)
 f - a scarf of shadows (melded)
 r - a +0 kite shield
 v - a +1 leather armour of fire resistance
Magical Staves
 g - a staff of air
Scrolls
 c - 3 scrolls of identify {unknown}
 i - a scroll of torment {unknown}
 n - 3 scrolls of enchant armour {unknown}
 q - 2 scrolls of vulnerability {unknown}
Potions
 b - 2 potions of lignification
 h - 5 potions of curing {unknown}
 l - a potion of flight {unknown}
 m - 2 potions of mutation {unknown}
 o - a potion of degeneration {unknown}
 p - a potion of resistance {unknown}
 s - 2 potions of heal wounds {unknown}
 t - a potion of magic {unknown}
 u - a potion of attraction {unknown}
 x - a potion of brilliance {unknown}


   Skills:
 + Level 3.6 Fighting
 + Level 2.4 Short Blades
 + Level 2.4 Long Blades
 + Level 2.4 Axes
 + Level 2.4 Maces & Flails
 + Level 2.4 Polearms
 + Level 2.4 Staves
 + Level 2.4 Ranged Weapons
 + Level 2.4 Throwing
 + Level 2.4 Armour
 + Level 5.2 Dodging
 + Level 2.4 Stealth
 + Level 2.4 Shields
 + Level 7.0 Unarmed Combat
 + Level 5.6 Spellcasting
 + Level 2.0 Conjurations
 + Level 2.0 Hexes
 + Level 2.0 Summonings
 + Level 2.0 Necromancy
 + Level 2.0 Translocations
 + Level 4.3 Transmutations
 + Level 2.0 Fire Magic
 + Level 2.0 Ice Magic
 + Level 2.0 Air Magic
 + Level 2.0 Earth Magic
 + Level 2.0 Poison Magic
 + Level 2.7 Invocations
 + Level 2.4 Evocations


You had 11 spell levels left.
You knew the following spells:

 Your Spells              Type           Power      Damage    Failure   Level
a - Beastly Appendage     Tmut           32%        N/A       10%         1
b - Wereblood             Tmut           16%        N/A       13%         2
c - Spider Form           Tmut/Pois      12%        N/A       30%         3

Your spell library contained the following spells:

 Spells                   Type           Power      Damage    Failure   Level
 Necrotise                Necr           36%        1d5       19%         1
 Slow                     Hex            36%        N/A       19%         1
 Confusing Touch          Hex            9%         N/A       43%         3
 Vampiric Draining        Necr           9%         2d6       43%         3
 Ice Form                 Ice/Tmut       12%        N/A       63%         4
 Agony                    Necr           9%         N/A       97%         5


Dungeon Overview and Level Annotations

Branches:
Dungeon (5/15)
 Temple: D:4-7

Altars:
Gozag

Annotations:
D:3 1 transporter, flotson's ghost, amateur DsDe


Innate Abilities, Weirdness & Mutations

You are a venomous arachnid creature.
You have poisonous fangs.
You are tiny and dextrous.
Your spellcasting is less reliable in this form.
Your armour is entirely melded.
You are incapable of wielding weapons or throwing items.
((You have very sharp teeth.))
Your uncanny sense of smell can sniff out nearby items.
Your experience applies equally to all skills.


Message History

You hit the iguana.
The iguana is severely wounded.
The iguana bites you.
You hit the iguana.
The iguana looks even sicker.
Your bite misses the iguana.
The iguana is almost dead.
The iguana misses you.
You hit the iguana but do no damage.
The iguana looks as sick as possible!
Your bite misses the iguana.
The iguana is almost dead.
The iguana misses you.
You hit the iguana.
You kill the iguana!
You start resting.
HP restored.
You see here an iguana corpse.
A two-headed ogre comes into view. It is wielding two +0 giant clubs.
Casting: Wereblood (safe; 4% risk of failure)
Confirm with . or Enter, or press ? or * to list all spells.
You turn into a venomous arachnid creature.
Your +2 spear of venom melds into your body.
Your scarf of shadows melds into your body.
Your +0 robe melds into your body.
Your +2 spear of venom stops dripping with poison.
The dungeon's light returns to normal.
Found a stone staircase leading up.
The two-headed ogre shouts in stereo!
You hit the two-headed ogre.
The two-headed ogre is poisoned.
The two-headed ogre is lightly wounded.
The two-headed ogre misses you.
The two-headed ogre hits you with a +0 giant club!!
You hit the two-headed ogre.
The two-headed ogre looks as sick as possible!
The two-headed ogre is lightly wounded.
You hit the two-headed ogre.
The two-headed ogre looks as sick as possible!
The two-headed ogre is lightly wounded.
Your transformation is almost over.
The two-headed ogre hits you with a +0 giant club!!
Ouch! That really hurt!
You die...

....†.............
..#.#######......#
..### ##.#..#.#
#.# #.###.#.# #.#
##†#.##.# #.#
#..###<# #.#
#..###.# #.#
#......###### #.#
##....sO....# #.#
##########.# #.#
#.# ..# ###


You could see a two-headed ogre (extremely poisoned).

Vanquished Creatures
  2 phantoms
  A scorpion (D:5)
  A howler monkey (D:5)
  A hound (D:4)
  Terence (D:3)
  2 iguanas (D:5)
  7 adders
  An ufetubus (D:5)
  2 dart slugs
  19 orcs
  6 ball pythons
  7 endoplasms
  3 giant cockroaches
  7 goblins
  8 hobgoblins
  7 jackals
  4 kobolds
  4 quokkas
  2 bats (D:1)
  3 frilled lizards
  2 rats
90 creatures vanquished.

Notes
Turn   | Place    | Note
-------+----------+-------------------------------------------
     0 | D:1      | themarg the Gnoll Transmuter began the quest for the Orb.
     0 | D:1      | Reached XP level 1. HP: 17/17 MP: 6/6
    88 | D:1      | Reached XP level 2. HP: 23/23 MP: 5/7
   553 | D:1      | Found a faded altar of an unknown god.
   972 | D:1      | Reached skill level 5 in Spellcasting
   972 | D:1      | Reached XP level 3. HP: 24/28 MP: 6/9
   975 | D:1      | Learned a level 2 spell: Wereblood
   979 | D:1      | Learned a level 3 spell: Spider Form
  1294 | D:2      | Reached skill level 1 in Invocations
  1798 | D:2      | Reached skill level 1 in Short Blades
  1798 | D:2      | Reached skill level 1 in Long Blades
  1798 | D:2      | Reached skill level 1 in Axes
  1798 | D:2      | Reached skill level 1 in Maces & Flails
  1798 | D:2      | Reached skill level 1 in Polearms
  1798 | D:2      | Reached skill level 1 in Staves
  1798 | D:2      | Reached skill level 1 in Ranged Weapons
  1798 | D:2      | Reached skill level 1 in Throwing
  1798 | D:2      | Reached skill level 1 in Armour
  1798 | D:2      | Reached skill level 1 in Stealth
  1798 | D:2      | Reached skill level 1 in Shields
  1798 | D:2      | Reached skill level 1 in Evocations
  2471 | D:3      | Found a transporter.
  2471 | D:3      | Noticed an ogre
  2472 | D:3      | Noticed flotson's ghost (amateur DsDe)
  2472 | D:3      | Noticed an ogre
  2501 | D:3      | Reached XP level 4. HP: 34/34 MP: 7/11
  2711 | D:3      | Reached skill level 1 in Conjurations
  2711 | D:3      | Reached skill level 1 in Hexes
  2711 | D:3      | Reached skill level 1 in Summonings
  2711 | D:3      | Reached skill level 1 in Necromancy
  2711 | D:3      | Reached skill level 1 in Translocations
  2711 | D:3      | Reached skill level 1 in Fire Magic
  2711 | D:3      | Reached skill level 1 in Ice Magic
  2711 | D:3      | Reached skill level 1 in Air Magic
  2711 | D:3      | Reached skill level 1 in Earth Magic
  2711 | D:3      | Reached skill level 1 in Poison Magic
  2832 | D:3      | Noticed an ogre
  2879 | D:3      | Noticed Terence
  2889 | D:3      | Killed Terence
  3101 | D:3      | Reached XP level 5. HP: 31/40 MP: 12/12
  3892 | D:4      | Found an opulent altar of Gozag.
  4021 | D:4      | Noticed a phantom
  4032 | D:4      | Killed a phantom
  4033 | D:4      | Reached skill level 5 in Dodging
  4033 | D:4      | Reached XP level 6. HP: 34/47 MP: 14/14
  4534 | D:5      | Entered Level 5 of the Dungeon
  4836 | D:5      | Reached skill level 7 in Unarmed Combat
  4836 | D:5      | Reached XP level 7. HP: 49/52 MP: 12/15
  5293 | D:5      | Noticed a two-headed ogre
  5300 | D:5      | Slain by a two-headed ogre

Illustrated notes

Levels and vault maps discovered:
D:1:      evilmike_arrival_plus, layout_loops_ring,
          ebering_ecumenical_altar_webs
D:2:      minmay_door_path, layout_basic, grunt_decor_one_mirror, minivault_11
D:3:      layout_loops_corners, gammafunk_ghost_smash, minmay_crystal_room,
          uniq_terence
D:4:      layout_basic, mainiacjoe_overflow_brackets, minmay_misc_feat_cross,
          hangedman_decor_lopped
D:5:      layout_loops_corners, serial_shops, kennysheep_mini_moat

Skill      XL: |  1  2  3  4  5  6  7 |
---------------+----------------------+-----
Spellcasting   | 5 |  5.6
Invocations    | 1 2 |  2.7
Short Blades   | 1 2 |  2.4
Long Blades    | 1 2 |  2.4
Axes           | 1 2 |  2.4
Maces & Flails | 1 2 |  2.4
Polearms       | 1 2 |  2.4
Staves         | 1 2 |  2.4
Ranged Weapons | 1 2 |  2.4
Throwing       | 1 2 |  2.4
Armour         | 1 2 |  2.4
Stealth        | 1 2 |  2.4
Shields        | 1 2 |  2.4
Evocations     | 1 2 |  2.4
Conjurations   | 1 2 |  2.0
Hexes          | 1 2 |  2.0
Summonings     | 1 2 |  2.0
Necromancy     | 1 2 |  2.0
Translocations | 1 2 |  2.0
Fire Magic     | 1 2 |  2.0
Ice Magic      | 1 2 |  2.0
Air Magic      | 1 2 |  2.0
Earth Magic    | 1 2 |  2.0
Poison Magic   | 1 2 |  2.0
Fighting       | 3 |  3.6
Transmutations | 4 |  4.3
Dodging        | 5 |  5.2
Unarmed Combat | 7 |  7.0

Action                   |  1- 3 |  4- 6 |  7- 9 || total
-------------------------+-------+-------+-------++-------
Melee: Unarmed           |    24 |       |     3 ||    27
       Bite              |     6 |    11 |     3 ||    20
       Kick              |    19 |    16 |     4 ||    39
       Dagger            |    25 |       |       ||    25
       Punch             |     5 |     4 |     1 ||    10
       Headbutt          |     6 |    11 |     1 ||    18
       Spear             |    43 |   120 |    27 ||   190
 Cast: Beastly Appendage |    24 |    19 |     2 ||    45
       Wereblood         |     3 |     8 |     1 ||    12
       Spider Form       |       |       |     1 ||     1
 Stab: Sleeping          |     2 |     1 |       ||     3
Armor: Robe              |     6 |    11 |     2 ||    19
Dodge: Dodged            |    53 |    56 |    20 ||   129

Table legend: (Time is in decaauts)
 A = Elapsed time spent in this place.
 B = Non-inter-level travel time spent in this place.
 C = Inter-level travel time spent in this place.
 D = Time resting spent in this place.
 E = Time spent auto-exploring this place.
 F = Levels seen in this place.
 G = Mean time per level.
                   A        B        C        D        E       F      G
               +--------+--------+--------+--------+--------+-----+--------+
         Total |   5298 |   5213 |     85 |   1083 |   3066 |   5 | 1059.6 |
       Dungeon |   5298 |   5213 |     85 |   1083 |   3066 |   5 | 1059.6 |
               +--------+--------+--------+--------+--------+-----+--------+

Top non-repeatable levels by time:
     D:2: 1281 daAuts
     D:3: 1220 daAuts
     D:1: 1138 daAuts
     D:4: 893 daAuts
     D:5: 765 daAuts
